 Dungeon Crawl Stone Soup version 0.28-a0-199-g298df9dbad (webtiles) character file.

Game seed: 12486166822466272968

2 omnomnOMINOUS the Skirmisher (level 1, 12/16 HPs)
             Began as an Octopode Wanderer on Aug 19, 2021.
             Quit the game on level 1 of the Dungeon.
             The game lasted 00:01:37 (86 turns).

omnomnOMINOUS the Skirmisher (Octopode Wanderer)      Turns: 86, Time: 00:01:38

Health: 12/16      AC:  1    Str: 14    XL:     1   Next: 40%
Magic:  1/1        EV: 12    Int: 13    God:
Gold:   6          SH:  0    Dex:  9    Spells: 0/0 levels left

rFire   . . .      SeeInvis .   a - +2 dagger
rCold   . . .      Faith    .   (no shield)
rNeg    . . .      Spirit   .   (helmet restricted)
rPois   .          Reflect  .   (no amulet)
rElec   .          Harm     .   (no ring)
rCorr   .          Rampage  .   (no ring)
Will    .....                   (no ring)
Stlth   ++........              (no ring)
HPRegen 0.05/turn               (no ring)
MPRegen 0.07/turn               (no ring)
                                (no ring)
                                (no ring)

@: no status effects
A: almost no armour, amphibious, 8 rings, camouflage 1, gelatinous body 1,
(nimble swimmer 1), tentacles
a: no special abilities


You were on level 1 of the Dungeon.
You visited 1 branch of the dungeon, and saw 1 of its levels.

You collected 6 gold pieces.

Inventory:

Hand Weapons
 a - a +2 dagger (weapon)
 c - a +0 hand axe
Scrolls
 b - a scroll of blinking
Potions
 d - a potion of haste {unknown}


   Skills:
 + Level 3.0 Fighting
 - Level 2.0 Axes
 + Level 0.0 Dodging
 - Level 1.3 Stealth
 - Level 1.1 Shields
 + Level 0.2 Spellcasting
 - Level 1.0 Summonings
 - Level 2.0 Necromancy


You couldn't memorise any spells.
You knew the following spells:

 Your Spells              Type           Power      Damage    Failure   Level
a - Apportation           Tloc           0%         N/A       30%         1

Your spell library contained the following spells:

 Spells                   Type           Power      Damage    Failure   Level
 Teleport Other           Tloc           0%         N/A       67%         3


Dungeon Overview and Level Annotations

Branches:
Dungeon (1/15)

Altars:


Innate Abilities, Weirdness & Mutations

You cannot wear most types of armour.
You are amphibious.
You can wear up to eight rings at the same time.
Your skin changes colour to match your surroundings (Stealth+).
Your rubbery body absorbs attacks. (AC +1, EV +1)
((You are camouflaged near water. (Stealth+)))
You have tentacles for arms and can constrict up to eight enemies at once.


Message History

An endoplasm comes into view.
Found 6 gold pieces.
The endoplasm quivers.
You hit the endoplasm.
You squeeze the endoplasm, but do no damage.
The endoplasm is lightly wounded.
You hit the endoplasm.
The endoplasm is heavily wounded.
The endoplasm freezes you.
You are frozen.
You hit the endoplasm.
You kill the endoplasm!
HP restored.
You now have 6 gold pieces.
Found a stone staircase leading down.
A bat comes into view.
A bat is nearby!
Found a silvery potion.
The bat closely misses you.
You closely miss the bat. Your grab misses the bat. The bat closely misses you.
The bat hits you but does no damage.
You hit the bat but do no damage. You grab the bat. You constrict the bat.
The bat misses you.
The bat struggles to escape constriction.
The bat escapes!
You hit the bat.
You kill the bat!
No target in view!
No target in view!
You see here a bat corpse.
d - a silvery potion A giant cockroach comes into view.
Found a rapier.
The giant cockroach bites you.
You barely miss the giant cockroach. You grab the giant cockroach.
You constrict the giant cockroach. The giant cockroach barely misses you.
You barely miss the giant cockroach.
The giant cockroach is heavily wounded.
You constrict the giant cockroach. The giant cockroach bites you. x2
Are you sure you want to abandon this character and quit the game? (Confirm with "yes".)

#### ..# #.# #.##
#######..#
#...)B@#.## #.#
#.####.#..# #.#
#.##.###.#
#.##..##.#
#.###.##.# #.#
#.##.#
#.###..#.#######
#................
#..####.#.#######


You could see a giant cockroach.

Vanquished Creatures
  A bat (D:1)
  An endoplasm (D:1)
2 creatures vanquished.

Notes
Turn   | Place    | Note
-------+----------+-------------------------------------------
     0 | D:1      | omnomnOMINOUS the Octopode Wanderer began the quest for the
                  | Orb.
     0 | D:1      | omnomnOMINOUS set off with the following items: a +2
                  | dagger, a scroll of blinking, a +0 hand axe; and the
                  | following spell memorised: Apportation; and the following
                  | spells available to memorise: Teleport Other
     0 | D:1      | Reached XP level 1. HP: 16/16 MP: 1/1
    86 | D:1      | Quit the game

Illustrated notes

Levels and vault maps discovered:
D:1:      dpeg_arrival_tiny_e, layout_basic,
          hellmonk_ecumenical_altar_inner_sanctum

Action                   || total
-------------------------++-------
Melee: Dagger            ||     8
       Constrict         ||     2
       Tentacles         ||     1
Armor: Skin              ||     1
Dodge: Dodged            ||     4

Table legend: (Time is in decaauts)
 A = Elapsed time spent in this place.
 B = Non-inter-level travel time spent in this place.
 C = Inter-level travel time spent in this place.
 D = Time resting spent in this place.
 E = Time spent auto-exploring this place.
 F = Levels seen in this place.
 G = Mean time per level.
                   A        B        C        D        E       F      G
               +--------+--------+--------+--------+--------+-----+--------+
         Total |     86 |     86 |      0 |      0 |     64 |   1 |   86.0 |
       Dungeon |     86 |     86 |      0 |      0 |     64 |   1 |   86.0 |
               +--------+--------+--------+--------+--------+-----+--------+

Top non-repeatable levels by time:
     D:1: 86 daAuts
